 Dungeon Crawl Stone Soup version 0.26-a0-30-g56b8cd3df0 (webtiles) character file.

Game seed: 14145340457374472324, levelgen mode: deterministic

374 xccam the Ruffian (level 6, -2/47 HPs)
             Began as a Draconian Transmuter on June 4, 2020.
             Killed by divine providence
             ... invoked by an orc priest
              (11 damage)
             ... on level 4 of the Dungeon.
             The game lasted 00:05:38 (4027 turns).

xccam the Ruffian (Draconian Transmuter)            Turns: 4027, Time: 00:05:39

Health: -2/47      AC:  7    Str: 13    XL:     6   Next: 43%
Magic:  9/9        EV: 12    Int: 15    God:
Gold:   207        SH:  0    Dex: 11    Spells: 6/9 levels left

rFire    . . .     SeeInvis .     - Unarmed
rCold    . . .     Gourm    .   (no shield)
rNeg     . . .     Faith    .   (armour unavailable)
rPois    .         Spirit   .   (helmet restricted)
rElec    .         Reflect  .   (no cloak)
rCorr    .         Harm     .   (no gloves)
MR       .....                  s - +0 pair of boots
Stlth    +.........             (no amulet)
HPRegen  0.15/turn              (no ring)
MPRegen  0.11/turn              k - ring of wizardry

@: lethally poisoned (-2 -> -14)
A: unfitting armour, cold-blooded, AC +6
a: no special abilities


You were on level 4 of the Dungeon.
You were hungry.

You visited 1 branch of the dungeon, and saw 4 of its levels.

You collected 207 gold pieces.

Inventory:

Missiles
 a - 78 arrows
Armour
 s - a +0 pair of boots (worn)
Jewellery
 j - an uncursed ring of fire
 k - a ring of wizardry (right hand)
 l - an uncursed amulet of magic regeneration {unknown}
 o - an uncursed ring of stealth
Scrolls
 b - a scroll of fear {unknown}
 f - 2 scrolls of remove curse {unknown}
 h - 2 scrolls of teleportation {unknown}
 n - a scroll of amnesia {unknown}
 q - a scroll of noise {unknown}
 r - 2 scrolls of identify {unknown}
 v - a scroll of random uselessness {unknown}
Potions
 d - a potion of lignification
 e - a potion of might {unknown}
 g - 2 potions of heal wounds {unknown}
 i - a potion of mutation {unknown}
 m - 2 potions of curing {unknown}
 p - 2 potions of brilliance {unknown}
 t - a potion of magic {unknown}
 u - a potion of invisibility {unknown}
Comestibles
 c - 12 rations


   Skills:
 - Level 1.1 Fighting
 - Level 1.7 Dodging
 + Level 7.3 Unarmed Combat
 - Level 2.0 Spellcasting
 - Level 2.0 Transmutations


You had 6 spell levels left.
You knew the following spells:

 Your Spells              Type           Power        Failure   Level  Hunger
a - Beastly Appendage     Tmut           #.....       4%          1    #......
b - Sticks to Snakes      Tmut           #.......     6%          2    ###....

Your spell library contained the following spells:

 Spells                   Type           Power        Failure   Level  Hunger
 Spider Form              Tmut/Pois      #.........   17%         3    ###....
 Ice Form                 Ice/Tmut       #.......     47%         4    #####..
 Blade Hands              Tmut           #.........   69%         5    ######.


Dungeon Overview and Level Annotations

Branches:
Dungeon (4/15)
 Temple: D:4-7

Altars:
Xom


Innate Abilities, Weirdness & Mutations

Your plain brown scales are hard. (AC +6)
You cannot fit into any form of body armour.
You are cold-blooded and may be slowed by cold attacks.


Message History

You are too injured to fight recklessly!
You are too injured to fight recklessly!
You are too injured to fight recklessly!
You are too injured to fight recklessly!
You are too injured to fight recklessly!
You are too injured to fight recklessly!
Unknown command.
You feel sick. The orc hits you with a +0 dagger.
* * * LOW HITPOINT WARNING * * *
The orc closely misses you.
The orc priest miscasts a cantrip.
The orc closely misses you.
There is a stone staircase leading up here.
* * * LOW HITPOINT WARNING * * *
You feel sick. The orc hits you but does no damage.
The orc hits you with a +0 dagger.
* * * LOW HITPOINT WARNING * * *
The orc priest mumbles some strange prayers to Beogh against you.
Beogh smites you!
You die...

.......###
.........#
......>..#
.........#
.........#
.......o?###
......Oo..>#
......ooo#
.....so@†#
.........#
.........#
.........#
.........#
######+###


You could see an ogre, a scorpion, an orc priest and 5 orcs.

Vanquished Creatures
  An ogre (D:3)
  A centaur (D:3)
  Jessica (D:2)
  Terence (D:2)
  An orc wizard (D:3)
  A worker ant (D:3)
  3 adders
  An ooze (D:3)
  3 worms
  A dart slug (D:3)
  5 leopard geckos
  3 orcs (D:3)
  5 bats
  6 giant cockroaches
  6 hobgoblins
  A quokka (D:2)
  A ball python (D:1)
  3 frilled lizards
  6 goblins
  11 kobolds
  7 rats
68 creatures vanquished.

Notes
Turn   | Place    | Note
-------+----------+-------------------------------------------
     0 | D:1      | xccam the Draconian Transmuter began the quest for the Orb.
     0 | D:1      | Reached XP level 1. HP: 16/16 MP: 3/3
   372 | D:1      | Reached XP level 2. HP: 23/23 MP: 5/5
   856 | D:2      | Reached skill level 4 in Unarmed Combat
  1054 | D:1      | Learned a level 2 spell: Sticks to Snakes
  1311 | D:2      | Reached XP level 3. HP: 26/28 MP: 6/6
  1334 | D:2      | Noticed Terence
  1349 | D:2      | Killed Terence
  1678 | D:2      | Noticed Jessica
  1686 | D:2      | Killed Jessica
  1686 | D:2      | Reached skill level 5 in Unarmed Combat
  1686 | D:2      | Reached XP level 4. HP: 32/35 MP: 5/7
  2535 | D:3      | Reached XP level 5. HP: 38/40 MP: 8/8
  2689 | D:3      | Noticed an ogre
  2730 | D:3      | Killed an ogre
  2730 | D:3      | Reached skill level 6 in Unarmed Combat
  3072 | D:3      | Found a faded altar of an unknown god.
  3263 | D:3      | Found a shimmering altar of Xom.
  3352 | D:3      | Noticed a centaur
  3370 | D:3      | HP: 1/40 [centaur (3)]
  3371 | D:3      | Killed a centaur
  3371 | D:3      | Reached skill level 7 in Unarmed Combat
  3371 | D:3      | Reached XP level 6. HP: 1/47 MP: 9/9
  4027 | D:4      | Killed from afar by an orc priest

Illustrated notes

Levels and vault maps discovered:
D:1:      co_arrival_random_square_maze, layout_rooms
D:2:      cheibrodos_old_hovel, layout_basic, uniq_terence, uniq_jessica
D:3:      layout_basic, chequers_ecumenical_altar_simple_redux, xom_teletrap_fun
D:4:      layout_basic, first_ration, uniq_natasha, uniq_robin, uniq_menkaure

Skill      XL: |  1  2  3  4  5 |
---------------+----------------+-----
Unarmed Combat | 4 5 7 |  7.3
Fighting       | |  1.1
Dodging        | |  1.7
Spellcasting   | |  2.0
Transmutations | |  2.0

Action                   |  1- 3 |  4- 6 || total
-------------------------+-------+-------++-------
Melee: Unarmed           |   130 |   181 ||   311
       Tailslap          |    13 |    20 ||    33
       Kick              |    10 |       ||    10
       Punch             |     1 |     3 ||     4
       Headbutt          |       |     6 ||     6
 Cast: Beastly Appendage |     4 |     3 ||     7
       Sticks to Snakes  |     1 |     4 ||     5
  Use: Potion            |       |     1 ||     1
  Eat: Chunk             |     3 |     7 ||    10
Armor: Skin              |    33 |    49 ||    82
Dodge: Dodged            |    93 |    99 ||   192

Table legend:
 A = Non-vault XP
 B = Vault XP
 C = Vault XP percentage of total XP
 D = Non-vault monster count
 E = Vault monster count
 F = Vault count percentage of total count
                 A         B        C        D         E       F
            +---------+---------+-------+---------+---------+-------
      Total |     462 |      73 |  13.6 |      65 |       3 |   4.4
            +---------+---------+-------+---------+---------+-------
        D:1 |      28 |       0 |   0.0 |      19 |       0 |   0.0
        D:2 |      55 |      73 |  57.0 |      19 |       3 |  13.6
        D:3 |     376 |       0 |   0.0 |      26 |       0 |   0.0
        D:4 |       3 |       0 |   0.0 |       1 |       0 |   0.0
            +---------+---------+-------+---------+---------+-------
